 Dungeon Crawl Stone Soup version 0.30.1-11-g7821555f0a (webtiles) character file.

Game seed: 14478914515861800021

2488 fireball365 the Cleaver (level 9, -2/79 HPs)
             Began as a Hill Orc Fighter on Nov 13, 2023.
             Was an Initiate of Gozag.
             Shot with an arrow by a centaur (11 damage)
             ... on level 7 of the Dungeon on Nov 14, 2023.
             The game lasted 00:13:37 (6955 turns).

fireball365 the Cleaver (Hill Orc Fighter)          Turns: 6955, Time: 00:13:38

Health: -2/79      AC: 16    Str: 27    XL:     9   Next: 52%
Magic:  9/9        EV:  9    Int:  7    God:    Gozag
Gold:   1378       SH:  4    Dex:  9    Spells: 8/8 levels left

rFire   . . .        a - +0 war axe
rCold   . . .        c - +0 buckler
rNeg    . . .        w - +0 chain mail
rPois   +            (no helmet)
rElec   .            (no cloak)
rCorr   .            (no gloves)
SInv    .            t - +0 pair of boots
Will    .....        (no amulet) Stlth
                     q - ring of poison resistance
HPRegen 0.33/turn    C - +4 ring of protection
MPRegen 0.11/turn

%: no passive effects
@: no status effects
A: strong 1, inability to drink after injury 1
a: Renounce Religion, Potion Petition, Call Merchant, Bribe Branch


You were on level 7 of the Dungeon.
You worshipped Gozag.
Gozag was most pleased with you.
You visited 2 branches of the dungeon, and saw 8 of its levels.
You also visited: Sewer.

You collected 1489 gold pieces.
You spent 55 gold pieces at shops.
You paid 56 gold pieces to Gozag.

Inventory:

Hand Weapons
 a - a +0 war axe (weapon)
Armour
 b - a +0 scale mail
 c - a +0 buckler (worn)
 t - a +0 pair of boots (worn)
 w - a +0 chain mail (worn)
Jewellery
 j - an amulet of faith
 q - a ring of poison resistance (left hand)
 C - a +4 ring of protection (right hand)
Wands
 l - a wand of polymorph (8)
Scrolls
 g - a scroll of fog
 i - 2 scrolls of enchant armour
 k - 3 scrolls of butterflies
 n - 5 scrolls of teleportation
 o - a scroll of blinking {unknown}
 s - 3 scrolls of enchant weapon
 v - a scroll of identify
 x - 3 scrolls of noise
 y - a scroll of silence {unknown}
 z - a scroll of poison
 A - 2 scrolls of vulnerability
Potions
 d - 2 potions of might
 e - 2 potions of brilliance
 f - a potion of haste {unknown}
 h - a potion of resistance {unknown}
 m - 2 potions of curing {unknown}
 p - 3 potions of heal wounds
 r - 2 potions of cancellation
 u - a potion of lignification {unknown}


   Skills:
 + Level 7.1 Fighting
 + Level 11.4 Axes
 + Level 7.5 Armour
 + Level 1.9 Dodging
 + Level 0.3 Stealth
 + Level 5.2 Shields


You had 8 spell levels left.
You didn't know any spells.
Your spell library contained the following spells:

 Spells                   Type           Power      Damage    Failure   Level
 Foxfire                  Conj/Fire      0%         2x1d4     91%         1
 Call Canine Familiar     Summ           0%         N/A       100%        3
 Hailstorm                Conj/Ice       0%         3d3       100%        3
 Mephitic Cloud           Conj/Pois/Air  0%         N/A       100%        3
 Portal Projectile        Hex/Tloc       0%         N/A       100%        3
 Summon Guardian Golem    Hex/Summ       0%         N/A       100%        3
 Cause Fear               Hex            0%         N/A       100%        4
 Ice Form                 Ice/Tmut       0%         N/A       100%        4
 Leda's Liquefaction      Hex/Erth       0%         N/A       100%        4
 Fireball                 Conj/Fire      0%         3d3       100%        5
 Plasma Beam              Fire/Air       0%         2x1d11    100%        6
 Starburst                Conj/Fire      0%         6d3       100%        6
 Simulacrum               Ice/Necr       Unusable   N/A       N/A         6

Dungeon Overview and Level Annotations

Branches:
Dungeon (7/15)             Temple (1/1) D:5           Sewer (visited)

Altars:
Ashenzari
Cheibriados
Dithmenos
Elyvilon
Fedhas
Gozag
Hepliaklqana
Makhleb
Nemelex Xobeh
Okawaru
Ru
Sif Muna
Uskayaw
Wu Jian
Xom
Zin

Shops:
D:1 =   D:3 !   D:5 [


Innate Abilities, Weirdness & Mutations

Your muscles are strong. (Str +4, Int/Dex -1)
You occasionally lose the ability to drink potions when taking damage.


Message History

The sleepcap is heavily damaged.
The sleepcap barely misses you.
You slice the sleepcap!!
You destroy the sleepcap!
You hit the wyvern but do no damage. The wyvern bites you!
The wyvern bites you.
* * * LOW HITPOINT WARNING * * *
You slash the wyvern!
The wyvern is heavily wounded.
The wyvern closely misses you.
You hit the wyvern.
The wyvern is heavily wounded.
You block the wyvern's attack.
You closely miss the wyvern.
The wyvern is heavily wounded.
The wyvern bites you but does no damage.
The wyvern bites you.
* * * LOW HITPOINT WARNING * * *
You closely miss the wyvern.
The wyvern is heavily wounded.
The wyvern bites you!
You feel threatened and lose the ability to drink potions!
* * * LOW HITPOINT WARNING * * *
You slash the wyvern!
The wyvern is almost dead.
The wyvern closely misses you. The wyvern barely misses you.
You slash the wyvern!
You kill the wyvern!
You can drink potions again.
Your Fighting skill increases to level 7!
You now have 1378 gold pieces (gained 21).
A sleepcap comes into view.
A centaur comes into view.
The centaur wields a +0 shortbow.
The centaur shoots an arrow.
You block the arrow.
The centaur shoots an arrow.
The arrow hits you.
* * * LOW HITPOINT WARNING * * *
The centaur shoots an arrow.
The arrow hits you!
You die...
Your body crumbles into a pile of gold.

... ##.##.# ....
##..#..####
.....#.........#
f..............#
#........##
#.......... $##
#........## #..
###.)......# #
#...#.@.)).....#
##
$#.....#........#
##.
#.....###........#
#.. ....##
#........# #.. ..c
#####..### #.. ..
##..# ###.. . ##.#
##.... #.####..##>
##......##..


You could see a centaur.

Vanquished Creatures
  A wyvern (D:7)
  Sigmund (D:2)
  A steam dragon (D:7)
  A sky beast (D:6)
  3 black bears
  5 ice beasts
  A centaur (D:5)
  A phantom (D:5)
  2 kobold brigands
  A bullfrog (D:6)
  3 scorpions
  A howler monkey (D:5)
  5 hounds
  3 jellies
  2 orc priests
  A sleepcap (D:7)
  An iguana (D:5)
  An orc wizard (D:3)
  A hell rat (Sewer)
  9 adders
  3 gnolls (D:6)
  3 river rats (Sewer)
  A white imp (D:5)
  An ufetubus (D:5)
  3 worms
  A dart slug (D:1)
  13 orcs
  3 bats
  6 endoplasms
  4 giant cockroaches
  6 goblins
  11 hobgoblins
  2 jackals (D:1)
  23 kobolds
  3 quokkas
  14 ball pythons
  5 frilled lizards
  17 rats
163 creatures vanquished.

Notes
Turn   | Place    | Note
-------+----------+-------------------------------------------
     0 | D:1      | fireball365 the Hill Orc Fighter began the quest for the
                  | Orb.
     0 | D:1      | Reached XP level 1. HP: 19/19 MP: 1/1
   129 | D:1      | Reached XP level 2. HP: 26/27 MP: 2/2
   238 | D:1      | You fall into a shaft and drop 1 floor!
   261 | D:2      | Reached XP level 3. HP: 33/33 MP: 3/3
   268 | D:2      | Reached skill level 3 in Axes
   354 | D:2      | Noticed Sigmund
   371 | D:2      | Killed Sigmund
   372 | D:2      | Reached skill level 4 in Axes
   372 | D:2      | Reached XP level 4. HP: 8/41 MP: 4/4
   372 | D:2      | Reached XP level 5. HP: 10/47 MP: 5/5
   755 | D:1      | Found Iteddaw's Jewellery Boutique.
  1372 | D:1      | Gained mutation: Your mind is acute. (Int +4, Str/Dex -1)
                  | [potion of mutation]
  1373 | D:1      | Lost mutation: Your mind is acute. (Int +4, Str/Dex -1)
                  | [potion of mutation]
  1373 | D:1      | Gained mutation: You occasionally lose the ability to drink
                  | potions when taking damage. [potion of mutation]
  1373 | D:1      | Gained mutation: Your muscles are strong. (Str +4, Int/Dex
                  | -1) [potion of mutation]
  1638 | D:2      | Reached skill level 5 in Axes
  1812 | D:2      | Found a faded altar of an unknown god.
  1906 | D:3      | Reached XP level 6. HP: 52/53 MP: 6/6
  2028 | D:3      | Found Vomnistrihep's Distillery.
  2036 | D:3      | Bought a potion of heal wounds for 55 gold pieces
  2089 | D:3      | Found a shadowy altar of Dithmenos.
  2113 | D:3      | Found the +7 Throatcutter {drain, coup de grace}
  2285 | D:3      | Found a hazy altar of Hepliaklqana.
  2753 | D:4      | Found a shimmering altar of Xom.
  2840 | D:4      | Reached skill level 5 in Fighting
  2840 | D:4      | Reached skill level 5 in Armour
  2880 | D:4      | Got the Notes on Unlucky Conjury
  3033 | D:4      | Reached skill level 6 in Axes
  3096 | D:4      | Reached XP level 7. HP: 37/61 MP: 7/7
  3679 | D:5      | Entered Level 5 of the Dungeon
  3690 | D:5      | Found a shimmering altar of Xom.
  3716 | D:5      | Found Dutoaw's Antique Armour Boutique.
  3735 | D:5      | Reached skill level 1 in Dodging
  3824 | D:5      | Reached skill level 7 in Axes
  3952 | D:5      | Found a staircase to the Ecumenical Temple.
  3973 | Temple   | Entered the Ecumenical Temple
  4020 | Temple   | Became a worshipper of Gozag Ym Sagoz the Greedy
  4206 | D:5      | Reached XP level 8. HP: 39/69 MP: 8/8
  4368 | D:5      | Reached skill level 8 in Axes
  5081 | D:6      | Reached skill level 9 in Axes
  5148 | D:6      | Found a shimmering blue altar of Sif Muna.
  5274 | D:6      | Found a glowing drain.
  5296 | Sewer    | Entered a sewer
  5709 | D:6      | Found a broken altar of Ashenzari.
  5767 | D:6      | Reached skill level 10 in Axes
  5767 | D:6      | Reached XP level 9. HP: 33/77 MP: 9/9
  6114 | D:6      | Reached skill level 5 in Shields
  6557 | D:6      | Identified a scroll of acquirement
  6558 | D:6      | Acquired 776 gold pieces
  6897 | D:7      | Reached skill level 11 in Axes
  6955 | D:7      | Shot with an arrow by a centaur

Illustrated notes

Levels and vault maps discovered:
D:1:      ncdulo_smallfort, layout_basic, serial_shops,
          nicolae_shop_behind_doors, minmay_tetromino_i4
D:2:      layout_rooms, ebering_ecumenical_altar_webs, uniq_sigmund
D:3:      layout_loops_ring, mainiacjoe_overflow_alcove_4,
          overflow_temple_1_default, serial_shops,
          nicolae_shop_advertising_works [nicolae_subvault_shop_adworks],
          dilly_guarded_unrand_throatcut
D:4:      nicolae_cairo_tiling_large_dashed, layout_cave_pods, serial_park,
          serial_park_tiny_2, serial_park_square3 [serial_park_minivault_5x5_8],
          serial_park_square3 [serial_park_minivault_5x5_4]
D:5:      black_bear_nest_1, layout_cave_pods, amcnicky_altar_gilded,
          minmay_temple_entry_ruins, serial_shops, nicolae_diamond_shop,
          minivault_25
D:6:      kennysheep_six_static_rooms, layout_basic, led_sif_pool,
          mainiacjoe_overflow_catwalk, portal_sewer_entry_e
D:7:      layout_rooms, nicolae_tso_besieged_by_evil, yredelemnul_altar_generic,
          uniq_menkaure, uniq_prince_ribbit1
Temple:   regret_index_temple_waves

Skill      XL: |  1  2  3  4  5  6  7  8  9 |
---------------+----------------------------+-----
Fighting       | 4 5 6 7 |  7.1
Armour         | 4 5 6 7 |  7.5
Axes           | 4 5 6 7 10 11 | 11.4
Shields        | 4 5 |  5.2
Dodging        | 1 |  1.9
Stealth        | |  0.3

Action                     |  1- 3 |  4- 6 |  7- 9 || total
---------------------------+-------+-------+-------++-------
  Melee: War axe           |    46 |   137 |   288 ||   471
         Unarmed           |     6 |     1 |       ||     7
    Use: Scroll            |       |     7 |     8 ||    15
         Potion            |       |     2 |       ||     2
 Armour: Scale mail        |    27 |    83 |     7 ||   117
         Skin              |     3 |       |       ||     3
         Chain mail        |       |       |   160 ||   160
  Dodge: Dodged            |    34 |    84 |   141 ||   259
  Block: Buckler           |    13 |    28 |    67 ||   108
